 Dungeon Crawl Stone Soup version 0.28-b1-70-g80dc712255 (webtiles) character file.

Game seed: 4174670409906408502

292 cbfl8 the Sneak (level 6, -12/53 HPs)
             Began as a Minotaur Delver on Feb 3, 2022.
             Mangled by a gnoll (13 damage)
             ... on level 5 of the Dungeon.
             The game lasted 00:03:42 (1753 turns).

cbfl8 the Sneak (Minotaur Delver)                   Turns: 1753, Time: 00:03:43

Health: -12/53     AC:  7    Str: 17 (18) XL:     6   Next: 10%
Magic:  5/5        EV: 10    Int:  4 (7)  God:
Gold:   79         SH:  0    Dex: 10 (12) Spells: 5/5 levels left

rFire   . . .      SeeInvis .   a - +0 hand axe
rCold   . . .      Faith    .   (no shield)
rNeg    . . .      Spirit   .   k - +0 scale mail
rPois   .          Reflect  .   (helmet restricted)
rElec   .          Harm     .   h - +0 cloak
rCorr   .          Rampage  .   (no gloves)
Will    .....                   (no boots)
Stlth   +.........              (no amulet)
HPRegen 0.17/turn               (no ring)
MPRegen 0.09/turn               (no ring)

@: no status effects
A: horns 2, retaliatory headbutt
a: no special abilities


You were on level 5 of the Dungeon.
You visited 1 branch of the dungeon, and saw 2 of its levels.

You collected 79 gold pieces.

Inventory:

Hand Weapons
 a - a +0 hand axe (weapon)
Armour
 b - a +0 leather armour
 h - a +0 cloak (worn)
 j - a +0 ring mail
 k - a +0 scale mail (worn)
Wands
 g - a wand of digging (3)


   Skills:
 + Level 4.6 Fighting
 + Level 3.6 Axes
 + Level 2.0 Armour
 + Level 3.1 Dodging
 + Level 5.7 Stealth


You had 5 spell levels left.
You didn't know any spells.
Your spell library was empty.

Dungeon Overview and Level Annotations

Branches:
Dungeon (5/15)
 Temple: D:4-7

Altars:

Annotations:
D:4 Natasha


Innate Abilities, Weirdness & Mutations

You have a pair of horns on your head.
You reflexively headbutt those who attack you in melee.


Message History

The gnoll sergeant shouts!
A gnoll comes into view. It is wielding a +0 spear.
The gnoll hits you with a +0 flail.
You barely miss the gnoll. The gnoll hits you but does no damage.
You hit the gnoll.
The gnoll is heavily wounded.
The gnoll barely misses you. You furiously retaliate!
You headbutt the gnoll. The gnoll sergeant closely misses you.
The gnoll barely misses you.
The gnoll shouts!
You hit the gnoll.
You kill the gnoll!
The gnoll hits you but does no damage.
The gnoll sergeant hits you from afar with a +0 trident.
Your Armour skill increases to level 2!
The gnoll closely misses you. The gnoll sergeant barely misses you.
You see here a +0 flail.
You hit the gnoll.
The gnoll is lightly wounded.
You hit the gnoll sergeant but do no damage.
The gnoll closely misses you.
The gnoll sergeant hits you with a +0 trident!
The gnoll hits you but does no damage. The gnoll sergeant barely misses you.
The gnoll hits you with a +0 halberd.
The gnoll sergeant hits you with a +0 trident!
You hit the gnoll.
The gnoll is heavily wounded.
You hit the gnoll sergeant but do no damage.
The gnoll hits you from afar with a +0 spear.
The gnoll hits you with a +0 halberd.
The gnoll sergeant hits you with a +0 trident!
* * * LOW HITPOINT WARNING * * *
You aren't carrying any potions.
As you read the scroll of magic mapping, it crumbles to dust.
You feel aware of your surroundings.
You sensed 1 altar, and 1 shop/portal.
The gnoll barely misses you. The gnoll hits you with a +0 halberd!
* * * LOW HITPOINT WARNING * * *
The gnoll sergeant hits you with a +0 trident.
* * * LOW HITPOINT WARNING * * *
The gnoll hits you from afar with a +0 halberd!
You die...

...# *,#,,,,,,,,,,,,**,,,,,*,***
...# *.#,,,,,.......#*******,,,,
...####.#,,,,,.......#######,,,,,
#.......#,,,,,..##.........#,,,,,
###...###*****#.##.....?...#,,,,,
#...# #.##.........#,,,,, #...#
#.##.........#,,,,,
#...#########.##g........#,,,,,
#.......##....@.g........#,,,,,
#....##.##.##.##gg.....###*****
#....##.##.##.##.......#,,,,,⌠*
#....##.##.##.##.#####...≈≈≈,,*
#.<........##.##.#,,,,..≈≈≈≈≈,*
#..........##.##.#,***..≈≈≈§≈∩*
#..........##.##.#,* *#.≈≈≈≈≈,*
#############.##.#,* *gg≈≈≈,,*
#.#*,,,* **,,,,,⌠*


You could see a gnoll sergeant and 3 gnolls.

Vanquished Creatures
  Eustachio (D:4)
  A crimson imp (D:5)
  A bullfrog skeleton (D:5)
  A hound (D:5)
  A jelly (D:5)
  A gnoll (D:5)
  An adder (D:5)
  2 white imps (D:5)
  A dart slug (D:4)
  A kobold (D:4)
11 creatures vanquished.

Vanquished Creatures (others)
  A plant (D:4)
1 creature vanquished.

Grand Total: 12 creatures vanquished

Notes
Turn   | Place    | Note
-------+----------+-------------------------------------------
     0 | D:5      | cbfl8 the Minotaur Delver began the quest for the Orb.
     0 | D:5      | Reached XP level 1. HP: 19/19 MP: 0/0
    28 | D:5      | Reached XP level 2. HP: 22/27 MP: 1/1
    28 | D:5      | Reached XP level 3. HP: 27/33 MP: 2/2
   200 | D:5      | Reached skill level 5 in Stealth
   200 | D:5      | Reached XP level 4. HP: 12/40 MP: 3/3
   790 | D:5      | Noticed a scorpion
   848 | D:5      | Noticed an ice beast
  1082 | D:5      | Reached skill level 1 in Armour
  1082 | D:5      | Reached XP level 5. HP: 37/47 MP: 4/4
  1102 | D:4      | Noticed Eustachio
  1113 | D:4      | Noticed Natasha
  1128 | D:4      | Killed Eustachio
  1129 | D:4      | Reached XP level 6. HP: 23/53 MP: 5/5
  1752 | D:5      | HP: 1/53 [gnoll sergeant (3)]
  1753 | D:5      | Mangled by a gnoll

Illustrated notes

Levels and vault maps discovered:
D:4:      layout_gridville, mainiacjoe_overflow_chevrons, minitemple,
          uniq_eustachio, uniq_robin, uniq_grinder, uniq_natasha
D:5:      layout_basic, nicolae_gozag_cash_rules_everything_around_me,
          serial_shops, nicolae_lakefront_shop, minmay_fire_ice_demons

Skill      XL: |  1  2  3  4  5  6 |
---------------+-------------------+-----
Fighting       | 4 |  4.6
Stealth        | 5 |  5.7
Axes           | 3 |  3.6
Armour         | 1 2 |  2.0
Dodging        | 3 |  3.1

Action                   |  1- 3 |  4- 6 || total
-------------------------+-------+-------++-------
Melee: Hand axe          |    14 |    52 ||    66
       Headbutt          |     2 |     6 ||     8
  Use: Scroll            |       |     3 ||     3
       Potion            |       |     3 ||     3
 Stab: Sleeping          |     1 |       ||     1
Armor: Leather armour    |     2 |     1 ||     3
       Scale mail        |       |    15 ||    15
       Skin              |       |    22 ||    22
Dodge: Dodged            |    16 |    26 ||    42
